Map: 로스트 앤 파운드 - 래더

Players

soO - Winner!

  • Race: Zerg Zerg
  • League: Master
  • Spawn Location: 7:00

MMA

  • Race: Terran Terran
  • Spawn Location: 1:00

Event: HomeStory Cup XVII

VOD

Have the link to the VOD?

Description

Time

  • Played on: June 29, 2018, 6:46 a.m.
  • Length: 8:48

All games in this series

Show
View Real Time Build Order
Export as new Build Order

soO Zerg - Winner!

Build Orders: Pool First 

Get SALT Encoding   

  12  0:00  Drone  
  13  0:12  Overlord  
  13  0:16  Drone  
  14  0:30  Drone x2  
  14  0:34  Drone  
  17  0:44  Extractor  
  17  0:45  Drone  
  17  0:49  Spawning Pool  
  16  0:56  Drone  
  17  1:06  Drone  
  18  1:26  Hatchery, Drone  
  18  1:29  Drone  
  19  1:41  Queen  
  19  1:45  Zergling x2  
  22  1:55  Roach Warren  
  21  2:02  Overlord  
  21  2:06  Drone  
  22  2:27  Overlord  
  22  2:35  Queen  
  23  2:39  Roach x2  
  23  2:43  Roach  
  29  2:47  Roach  
  31  2:53  Roach  
  31  2:58  Roach  
  35  3:09  Roach  
  35  3:11  Drone x2  
  39  3:18  Overlord  
  39  3:27  Drone x2  
  39  3:28  Drone  
  39  3:33  Overlord  
  42  3:37  Drone x2, Ravager  
  45  3:41  Drone  
  45  3:43  Drone  
  45  3:48  Ravager  
  48  3:50  Overlord  
  48  3:56  Drone  
  48  3:59  Drone  
  50  4:04  Drone  
  50  4:05  Drone  
  50  4:07  Overlord  
  50  4:08  Drone x2  
  54  4:20  Overlord  
  54  4:25  Lair  
  54  4:26  Drone  
  54  4:27  Drone x2  
  54  4:28  Extractor  
  56  4:34  Drone  
  57  4:38  Hatchery  
  57  4:43  Drone x3  
  57  4:44  Extractor  
  58  4:51  Queen  
  60  4:56  Drone, Ravager  
  60  4:57  Drone x3  
  65  5:01  Drone  
  65  5:03  Drone  
  65  5:04  Drone x2  
  69  5:09  Drone  
  69  5:10  Drone  
  71  5:15  Drone  
  71  5:17  Evolution Chamber  
  71  5:22  Drone  
  71  5:27  Overseer, Glial Reconstitution, Queen  
  74  5:30  Roach x3  
  80  5:37  Overlord x2  
  80  5:44  Roach  
  80  5:45  Roach  
  80  5:47  Overlord  
  84  5:52  Drone x2  
  84  5:53  Zerg Ground Armor Level 1  
  86  5:57  Roach  
  86  5:58  Roach  
  86  6:01  Drone x3  
  93  6:06  Drone x2  
  93  6:13  Drone x2  
  93  6:17  Drone  
  96  6:19  Queen, Extractor  
  96  6:20  Extractor  
  96  6:21  Overlord  
  93  6:28  Evolution Chamber  
  93  6:32  Drone x3  
  95  6:45  Drone x6, Hatchery  
  95  6:46  Drone  
  101  6:51  Roach x4  
  101  6:52  Roach x2  
  113  6:57  Overlord  
  113  7:03  Roach x2  
  113  7:05  Overlord  
  117  7:09  Overlord  
  117  7:14  Roach x2  
  121  7:17  Roach  
  121  7:18  Roach x3  
  129  7:23  Overlord x3  
  129  7:27  Roach x3  
  135  7:34  Roach x2  
  135  7:35  Roach x3  
  145  7:39  Ravager  
  145  7:42  Roach  
  148  7:44  Roach  
  148  7:48  Ravager x3  
  148  7:49  Roach x2, Ravager  
  148  7:50  Roach x5  
  168  7:57  Roach x2  
  168  7:58  Roach  
  174  7:59  Overlord  
  174  8:03  Roach  
  168  8:09  Overlord  
  168  8:10  Drone x2  
  168  8:12  Drone x2  
  172  8:19  Roach x3  
  182  8:20  Roach x3  
  182  8:22  Overlord  
  182  8:23  Extractor  
  182  8:24  Overlord  
  183  8:29  Overlord  
Show
View Real Time Build Order
Export as new Build Order

MMA Terran 

Build Orders: Reaper Expand 

Get SALT Encoding   

  12  0:00  SCV  
  13  0:12  SCV  
  14  0:18  Supply Depot  
  14  0:40  Barracks  
  14  0:42  SCV  
  15  0:53  Barracks  
  15  0:55  SCV  
  16  1:10  Barracks  
  16  1:12  SCV  
  17  1:25  SCV  
  17  1:27  Refinery  
  16  1:40  SCV  
  17  1:50  Marine  
  17  1:52  Orbital Command  
  17  2:06  Command Center  
  17  2:09  Reaper  
  18  2:18  SCV  
  18  2:33  SCV  
  18  2:47  SCV  
  18  2:50  Factory  
  19  2:59  SCV  
  19  3:05  Command Center  
  20  3:11  SCV  
  21  3:15  Refinery  
  21  3:20  Supply Depot  
  21  3:23  SCV  
  22  3:30  Orbital Command  
  22  3:38  Cyclone  
  25  3:42  Bunker  
  25  3:49  Bunker, SCV  
  25  3:54  Starport, Marine  
  27  3:58  Bunker  
  27  4:01  SCV  
  26  4:12  Marine  
  26  4:13  Cyclone  
  26  4:15  Orbital Command  
  30  4:21  Supply Depot  
  30  4:22  Supply Depot  
  30  4:34  Starport Tech Lab  
  30  4:43  Marine, SCV  
  32  4:45  Cyclone  
  32  4:47  SCV  
  36  4:58  Supply Depot  
  36  5:02  Barracks  
  36  5:04  Barracks  
  36  5:08  Banshee  
  39  5:14  SCV x2  
  39  5:19  Orbital Command  
  41  5:21  Factory Reactor  
  41  5:22  Barracks Tech Lab  
  41  5:24  Supply Depot  
  41  5:26  SCV  
  42  5:38  SCV  
  42  5:39  Orbital Command  
  42  5:42  Marine  
  44  5:43  Engineering Bay, Stimpack  
  44  5:50  SCV  
  44  5:53  Barracks Reactor, Marine  
  46  6:00  Marine  
  47  6:08  SCV  
  48  6:19  SCV  
  48  6:20  SCV  
  48  6:24  Supply Depot  
  50  6:30  Refinery  
  50  6:31  Starport Reactor, SCV  
  50  6:32  Refinery, Supply Depot, Marine x5, SCV  
  55  6:33  Siege Tank  
  60  6:46  Supply Depot, SCV  
  60  6:47  SCV  
  62  6:53  Marine x3  
  65  6:54  Marine  
  66  7:02  SCV x2  
  68  7:09  Supply Depot  
  68  7:10  Supply Depot  
  68  7:14  Marine x5, SCV  
  74  7:18  Medivac  
  74  7:19  Medivac  
  78  7:25  SCV  
  78  7:26  SCV  
  80  7:33  Supply Depot  
  80  7:34  Marine x5  
  85  7:38  SCV x2  
  85  7:43  Siege Tank  
  90  7:51  Marine x2  
  90  7:53  SCV x2  
  90  7:55  Marine x2  
  90  7:56  Marine  
  72  8:09  Marine  
  72  8:10  Medivac x2  
  71  8:14  Marine x3  
  71  8:15  Marine, Siege Tank  
  86  8:34  SCV x2  
Tags
 
Add a new tag
Caveats
  • Supply blocks, unpowered buildings, or Contaminate may cause inaccurate times.
  • Supply counts are checked every 10 seconds.